 Dungeon Crawl Stone Soup version 0.22-a0-231-g75390ab (webtiles) character file.

54 harakhte the Insei (level 3, 0/23 HPs)
             Began as a Sludge Elf Transmuter on Mar 16, 2018.
             Killed from afar by an orc wizard (9 damage)
             ... with a magic dart
             ... on level 2 of the Dungeon.
             The game lasted 00:06:47 (1576 turns).

harakhte the Insei (Sludge Elf Transmuter)          Turns: 1576, Time: 00:06:48

Health: 0/23       AC:  2    Str: 10    XL:     3   Next: 91%
Magic:  1/7        EV: 20    Int: 15    God:
Gold:   100        SH:  0    Dex: 19    Spells: 0/6 levels left

rFire    . . .     SeeInvis .     - Unarmed
rCold    . . .     Gourm    .   (shield currently unavailable)
rNeg     . . .     Faith    .   (armour currently unavailable)
rPois    x         Spirit   .   (helmet currently unavailable)
rElec    .         Reflect  .   (cloak currently unavailable)
rCorr    .         Harm     .   (gloves currently unavailable)
MR       .....                  (boots currently unavailable)
Stlth    ++........             (no amulet)
HPRegen  0.07/turn              (no ring)
MPRegen  0.10/turn              (no ring)

@: spider-form (expiring), very slightly contaminated
A: tiny
a: End Transformation


You were on level 2 of the Dungeon.
You were not hungry.
You were a venomous arachnid creature.
You visited 1 branch of the dungeon, and saw 2 of its levels.

You collected 100 gold pieces.


   Skills:
 - Level 1.1 Fighting
 - Level 2.4 Dodging
 + Level 1.4 Stealth
 * Level 4.0 Unarmed Combat
 - Level 2.4 Spellcasting
 * Level 4.0 Transmutations
 + Level 0.6 Poison Magic


You couldn't memorise any spells.
You knew the following spells:

 Your Spells              Type           Power        Failure   Level  Hunger
a - Beastly Appendage     Tmut           ##....       13%         1    #......
b - Sticks to Snakes      Tmut           ##......     17%         2    ###....
c - Spider Form           Tmut/Pois      #.........   45%         3    ###....


Dungeon Overview and Level Annotations

Branches:
Dungeon (2/15)

Altars:

Inventory:

Missiles
 a - 40 arrows
 i - 86 stones (quivered)
Armour
 b - a +0 robe (melded)
 n - a +0 ring mail
Jewellery
 p - an uncursed ring of poison resistance {unknown}
Scrolls
 e - 2 scrolls of teleportation {unknown}
 g - 2 scrolls of remove curse {unknown}
 k - a scroll of fog {unknown}
 l - a scroll of enchant armour {unknown}
 m - a scroll of recharging {unknown}
 o - a scroll of magic mapping {unknown}
Potions
 h - 2 potions of magic {unknown}
 j - a potion of might {unknown}
Books
 c - a book of Changes
Comestibles
 d - a ration

### ##s##
##.#.#
##.###o#
#.## #o.
##.## #.#
#...# .#
####.##.#
)
#.......#
.
#.##.##.#
..


You could see 2 orc wizards.


Message History

Found an ivory ring.
Found a robe.
p - an ivory ring An adder comes into view.
Casting: Beastly Appendage (safe; 4% risk of failure)
You turn into a venomous arachnid creature.
The adder hisses angrily.
You hit the adder.
The adder is poisoned.
The adder is heavily wounded.
The adder completely misses you. The adder barely misses you.
You hit the adder but do no damage.
The adder looks as sick as possible!
The adder is heavily wounded.
The adder barely misses you.
You hit the adder.
You kill the adder!
Your Transmutations skill increases to level 4!
Unknown command.
You see here an adder corpse.
You butcher the adder corpse.
q - a chunk of flesh {@w1} You see here an adder skeleton.
Your transformation is almost over.
You start resting.
Your transformation has ended.
Eating a chunk of flesh {@w1}.
You eat the chunk of flesh {@w1}.
Found a ring mail and 20 stones.
You see here a ring mail.
i - 86 stones (gained 20) 2 orc wizards come into view.
The orc wizard shouts!
You hear a shout!
The orc wizard shouts!
You hear a shout! x2
Found a mace.
The orc wizard misses you.
Casting: Spider Form (safe; 24% risk of failure)
You miscast Spider Form.
You are very lightly contaminated with residual magic.
You feel weak for a moment.
The orc wizard gestures wildly while chanting.
The orc wizard seems to speed up.
The orc wizard mumbles some strange words.
The orc wizard blinks!
You hear a shout!
Casting: Spider Form (safe; 24% risk of failure)
You turn into a venomous arachnid creature.
The orc wizard casts a spell at you. The puff of frost hits you!
The orc wizard misses you.
You hit the orc wizard.
The orc wizard is poisoned.
The orc wizard is moderately wounded.
The orc wizard misses you.
An orc comes into view. It is wielding a morningstar.
You miss the orc wizard.
The orc wizard is heavily wounded.
The orc wizard barely misses you. The orc wizard hits you with a dagger.
You barely miss the orc wizard.
The orc wizard is heavily wounded.
The orc wizard completely misses you.
You closely miss the orc wizard.
The orc wizard is severely wounded.
The orc wizard closely misses you. The orc wizard hits you with a dagger.
An orc priest comes into view. It is wielding a hand axe.
You closely miss the orc wizard.
The orc wizard is severely wounded.
Your transformation is almost over.
The orc priest moves out of view.
The orc wizard gestures at you while chanting.
The puff of frost hits you!
* * * LOW HITPOINT WARNING * * *
The orc wizard gestures at you while chanting.
The magic dart hits you!
You die...

Action                   || total
-------------------------++-------
Melee: Unarmed           ||   101
       Headbutt          ||     6
       Kick              ||    11
 Cast: Beastly Appendage ||    23
       Spider Form       ||     2
 Stab: Sleeping          ||     1
  Eat: Chunk             ||     3
Armor: Robe              ||    21
Dodge: Dodged            ||    84

Vault maps used:
D:1:      kb_arrival_jail
D:2:      uniq_natasha

Notes
Turn   | Place    | Note
-------+----------+-------------------------------------------
     0 | D:1      | harakhte the Sludge Elf Transmuter began the quest for the Orb.
     0 | D:1      | Reached XP level 1. HP: 13/13 MP: 4/4
     2 | D:1      | Noticed an ogre
     2 | D:1      | Noticed a centaur
     4 | D:1      | Noticed a demonspawn
     4 | D:1      | Noticed a human
     6 | D:1      | Noticed a halfling
     6 | D:1      | Noticed a felid
     8 | D:1      | Noticed a gargoyle
    10 | D:1      | Noticed a draconian
    10 | D:1      | Noticed a dwarf
    12 | D:1      | Noticed an elf
    14 | D:1      | Noticed a merfolk
    14 | D:1      | Noticed a vine stalker
    16 | D:1      | Noticed a formicid
    16 | D:1      | Noticed a vampire
    18 | D:1      | Noticed a spriggan
    18 | D:1      | Noticed a ghoul
    20 | D:1      | Noticed a naga
    20 | D:1      | Noticed an octopode
    22 | D:1      | Noticed a demigod
    22 | D:1      | Noticed a troll
    26 | D:1      | Noticed a minotaur
    26 | D:1      | Noticed a tengu
   240 | D:1      | Reached skill level 3 in Transmutations
   256 | D:1      | Reached XP level 2. HP: 15/18 MP: 4/6
   301 | D:1      | Learned a level 2 spell: Sticks to Snakes
   566 | D:1      | Reached skill level 1 in Stealth
   591 | D:1      | Reached XP level 3. HP: 23/23 MP: 5/7
   596 | D:1      | Learned a level 3 spell: Spider Form
  1166 | D:1      | Reached skill level 4 in Unarmed Combat
  1528 | D:2      | Reached skill level 4 in Transmutations
  1576 | D:2      | Killed from afar by an orc wizard

Vanquished Creatures
  An adder (D:2)
  An ooze (D:1)
  A dart slug (D:1)
  5 leopard geckos (D:1)
  A giant cockroach (D:1)
  4 goblins (D:1)
  5 hobgoblins (D:1)
  2 kobolds (D:1)
  4 bats (D:1)
  2 frilled lizards (D:1)
  8 rats (D:1)
34 creatures vanquished.
